 Dungeon Sprint DCSS version 0.17-a0-1831-gaadb308 (webtiles) character file.

21417 Kidiri the Tortoise (level 12, -4/116 HPs)
             Began as a Minotaur Fighter on Sept 14, 2015.
             Was the Champion of Trog.
             Killed from afar by a fire dragon (12 damage)
             ... with a blast of flame
             ... in the Dungeon (Sprint VII: "The Pits").
             The game lasted 00:27:25 (3360 turns).

Kidiri the Tortoise (Minotaur Fighter)              Turns: 3360, Time: 00:27:26

Health: -4/116     AC: 22    Str: 32    XL:     12   Next: 54%
Magic:  11/11      EV: 16    Int:  5    God:    Trog [******]
Gold:   36         SH: 17    Dex: 15    Spells: 0 memorised, 11 levels left

rFire  . . .     SeeInvis .     v - +8 whip "Snakebite" {curare, rPois}
rCold  . . .     Clarity  .     t - +2 plate armour
rNeg   . . .     SustAt   .     c - +0 shield
rPois  +         Gourm    .     (helmet restricted)
rElec  +         Spirit   .     w - +0 cloak
rCorr  .         Warding  .     (no gloves)
rMut   .         NoTele   +     (no boots)
MR     ++...                    (no amulet)
Stlth  ..........               r - +3 ring of dexterity
                                Q - ring "Netiti" {-Tele +Fly rElec Str+6 Dex+2}

@: regenerating, very resistant to hostile enchantments, extremely unstealthy
A: retaliatory headbutt, horns 2
a: Burn Spellbooks, Berserk, Trog's Hand, Brothers in Arms, Renounce Religion,
Evoke Flight


You were in the Dungeon.
You worshipped Trog.
Trog was exalted by your worship.
You were not hungry.

You visited 1 branch You collected 36 gold pieces.

Inventory:

Hand weapons
 v - the +8 whip "Snakebite" (weapon) {curare, rPois}
   (You found it in the Dungeon)

   It poisons the flesh of those it strikes.
   It protects you from poison.
 B - a +3 eveningstar of freezing
 E - a +4 morningstar of holy wrath
Armour
 c - a +0 shield (worn)
 t - a +2 plate armour (worn)
 w - a +0 cloak (worn)
Jewellery
 r - a +3 ring of dexterity (right hand)
 x - an uncursed ring of protection from magic
 A - an uncursed ring of protection from fire
 Q - the ring "Netiti" (left hand) {-Tele +Fly rElec Str+6 Dex+2}
   (You took it off a merfolk aquamancer in the Dungeon)

   [ring of flight]

   It affects your strength (+6).
   It affects your dexterity (+2).
   It insulates you from electricity.
   It lets you fly.
   It prevents most forms of teleportation.
Magical devices
 y - a wand of slowing (24)
Scrolls
 a - 3 scrolls of fog
 k - 2 scrolls of blinking
 o - 8 scrolls of remove curse
 p - a scroll of summoning
 C - 2 scrolls of identify
Potions
 d - 5 potions of might
 f - 4 potions of curing
 g - 3 potions of heal wounds
 h - a potion of haste
 i - 4 potions of magic
 j - 5 potions of berserk rage
 n - 2 potions of invisibility
 s - 3 potions of resistance
 u - a potion of brilliance
 D - a potion of cure mutation
Comestibles
 e - 8 bread rations
 l - 40 fruits
 m - 7 meat rations
 K - 4 chunks of flesh


   Skills:
 + Level 13.9 Fighting
 - Level 18.6 Maces & Flails
 * Level 18.9 Armour
 + Level 12.6 Dodging
 * Level 18.9 Shields


You had 11 spell levels left.
You didn't know any spells.

Dungeon Overview and Level Annotations

Branches:
Dungeon (1/1)

Altars:
Ashenzari
Cheibriados
Dithmenos
Elyvilon
Fedhas
Gozag
Kikubaaqudgha
Makhleb
Nemelex Xobeh
Okawaru
Qazlal
Ru
Sif Muna
Trog
Vehumet
Xom
Yredelemnul
Zin
The Shining One
Beogh
Jiyva
Lugonu

Annotations:
D Rupert


Innate Abilities, Weirdness & Mutations

You reflexively headbutt those who attack you in melee.
You have a pair of horns on your head.


Message History

You stumble backwards!
The green draconian misses you.
The green draconian tail-slaps you but does no damage.
Use which ability?
Your skin crawls.
You feel resistant to hostile enchantments.
You feel slightly more hungry. The Hell Sentinel hits you!!
* * * LOW HITPOINT WARNING * * *
You block the Hell Sentinel's attack. The fire dragon closely misses you.
You block the fire dragon's attack. The fire dragon closely misses you.
Use which ability?
Your stone giant goes berserk!
You feel somewhat more hungry.
The green draconian hits you but does no damage.
You block the green draconian's attack. The Hell Sentinel hits you!!
* * * LOW HITPOINT WARNING * * *
The Hell Sentinel closely misses you.
You block the deep elf demonologist's attack.
The fire dragon breathes flames at you. The blast of flame hits you!
You die...

#..........#
##############..#....#..#
............++..........#
............++..........#
##########..##..#....#..#
.#.#.#.#.#..##..........+
#.#.#.#.##..##.C........+
.#.#.#.#.#..####''####''#
#.#.#.#.##..####@1####''#########
.#|#.#.#.#..##.eDd..##...........
###÷######..##.#Z##.##...........
...÷........##.#@3+.##..#########
............##.+3%#.##..#
#++###########.#%%+.##..#
#++###########.+[%#.##..#
........##..##.##+#.##..#
.#......##..##.. ..##..#


You could see a Hell Sentinel, Rupert, a green draconian, a fire dragon, an ice
devil, a deep elf demonologist, a ynoxinul, a bat simulacrum and a friendly
stone giant (berserk).

Vanquished Creatures
  A rakshasa (D)
  A merfolk aquamancer (D)
  A vampire mage (D)
  An orc high priest (D)
  A sea snake (D)
  A flayed ghost (D)
  A shadow wraith (D)
  2 deep trolls (D)
  2 spriggan druids (D)
  A swamp dragon (D)
  2 wolf spiders (D)
  2 ugly things (D)
  2 hornets (D)
  A water nymph (shapeshifter) (D)
  A sixfirhy (D)
  A kobold demonologist (D)
  A demonic crawler (D)
  A gargoyle (D)
  An efreet (D)
  A komodo dragon (D)
  A freezing wraith (D)
  2 red devils (D)
  A troll (D)
  A giant leech (D)
  A jumping spider (D)
  A merfolk (D)
  A snapping turtle (D)
  A two-headed ogre (D)
  2 flying skulls (D)
  3 redbacks (D)
  A tarantella (D)
  A shadow (D)
  2 deep elf magi (D)
  A wraith (D)
  5 wolves (D)
  A soldier ant (D)
  A warg (D)
  A porcupine (D)
  3 swamp drakes (D)
  A wasp (D)
  A black bear (D)
  A necrophage (D)
  2 ogres (D)
  A centaur (D)
  A gnoll sergeant (D)
  Blork the orc (D)
  3 brain worms (D)
  A giant frog (D)
  Ijyb (D)
  2 iron imps (D)
  A worker ant (D)
  A mummy (D)
  7 gnolls (D)
  An adder (D)
  An adder zombie (D)
  A worm (D)
  An adder simulacrum (D)
  4 orcs (D)
  A goblin (D)
  A kobold (D)
  A quokka (D)
  A ball python (D)
  A giant cockroach zombie (D)
  2 rats (D)
94 creatures vanquished.

Vanquished Creatures (collateral kills)
  A death cob (D)
  A dire elephant (D)
  An alligator (D)
  An alligator snapping turtle (D)
  An ogre mage (D)
  An unseen horror (D)
  A phantasmal warrior (D)
  A gargoyle (D)
  A molten gargoyle (D)
  A hellwing (D)
  A deep elf priest (D)
  2 merfolk (D)
  A trapdoor spider (D)
  A water elemental (D)
  A wyvern (D)
  A deep elf fighter (D)
  A steam dragon (D)
  A neqoxec (D)
  A soldier ant (D)
  3 ogres (D)
  A hell rat (D)
  2 giant cockroaches (D)
26 creatures vanquished.

Vanquished Creatures (others)
  An orc (D)
  A bat skeleton (D)
2 creatures vanquished.

Grand Total: 122 creatures vanquished

Notes
Turn   | Place    | Note
--------------------------------------------------------------
     0 | D        | Kidiri the Minotaur Fighter began the quest for the Orb.
     0 | D        | Reached XP level 1. HP: 19/19 MP: 0/0
    12 | D        | Noticed a brain worm
    17 | D        | Killed a brain worm
    17 | D        | Reached skill level 4 in Fighting
    17 | D        | Reached skill level 5 in Maces & Flails
    17 | D        | Reached skill level 5 in Armour
    17 | D        | Reached skill level 5 in Shields
    17 | D        | Reached XP level 2. HP: 21/28 MP: 1/1
    17 | D        | Reached XP level 3. HP: 26/35 MP: 2/2
    28 | D        | Found a sacrificial altar of Ru.
    28 | D        | Found a basalt altar of Yredelemnul.
    28 | D        | Found a shadowy altar of Dithmenos.
    28 | D        | Found a deep blue altar of Sif Muna.
    28 | D        | Found a burning altar of Makhleb.
    28 | D        | Found a shimmering altar of Xom.
    28 | D        | Found an ancient bone altar of Kikubaaqudgha.
    28 | D        | Found a sparkling altar of Nemelex Xobeh.
    29 | D        | Found a glowing golden altar of the Shining One.
    29 | D        | Found a bloodstained altar of Trog.
    29 | D        | Found a shattered altar of Ashenzari.
    29 | D        | Found a white marble altar of Elyvilon.
    29 | D        | Found a snail-covered altar of Cheibriados.
    29 | D        | Found a blossoming altar of Fedhas.
    29 | D        | Found a radiant altar of Vehumet.
    29 | D        | Found a glowing silver altar of Zin.
    29 | D        | Found a corrupted altar of Lugonu.
    29 | D        | Found a viscous altar of Jiyva.
    29 | D        | Found a roughly hewn altar of Beogh.
    29 | D        | Found an iron altar of Okawaru.
    37 | D        | Became a worshipper of Trog the Wrathful
    40 | D        | Found a stormy altar of Qazlal.
    40 | D        | Found an opulent altar of Gozag.
   109 | D        | Noticed a brain worm
   113 | D        | Reached skill level 6 in Armour
   113 | D        | Reached XP level 4. HP: 41/41 MP: 3/3
   118 | D        | Lost intelligence.
   125 | D        | Killed a brain worm
   125 | D        | Acquired Trog's first power
   125 | D        | Reached skill level 5 in Fighting
   125 | D        | Reached skill level 7 in Armour
   125 | D        | Reached XP level 5. HP: 42/48 MP: 4/4
   249 | D        | Noticed a worker ant
   251 | D        | Acquired Trog's second power
   253 | D        | Killed a worker ant
   356 | D        | Noticed a flying skull
   358 | D        | Noticed a porcupine
   380 | D        | Killed a flying skull
   380 | D        | Reached skill level 8 in Maces & Flails
   380 | D        | Reached skill level 9 in Armour
   380 | D        | Reached XP level 6. HP: 44/58 MP: 5/5
   382 | D        | Reached skill level 5 in Dodging
   389 | D        | Killed a porcupine
   576 | D        | Noticed an iron imp
   576 | D        | Noticed a gnoll sergeant
   577 | D        | Noticed a black bear
   589 | D        | Killed a gnoll sergeant
   589 | D        | Reached XP level 7. HP: 66/66 MP: 6/6
   596 | D        | Killed a black bear
   596 | D        | Reached skill level 10 in Armour
   596 | D        | Reached skill level 10 in Shields
   597 | D        | Acquired Trog's third power
   612 | D        | Killed an iron imp
   612 | D        | Reached skill level 10 in Maces & Flails
   659 | D        | Noticed a sea snake
   686 | D        | Killed a sea snake
   686 | D        | Reached skill level 11 in Maces & Flails
   686 | D        | Reached XP level 8. HP: 28/75 MP: 7/7
   831 | D        | Noticed a necrophage
   831 | D        | Noticed a giant frog
   838 | D        | Killed a giant frog
   852 | D        | Killed a necrophage
  1029 | D        | Noticed Blork the orc
  1029 | D        | Noticed a red devil
  1029 | D        | Noticed a gargoyle
  1038 | D        | Killed a gargoyle
  1038 | D        | Reached skill level 12 in Armour
  1045 | D        | Killed Blork the orc
  1051 | D        | Killed a red devil
  1200 | D        | Noticed a flying skull
  1201 | D        | Noticed a hornet
  1201 | D        | Noticed a swamp drake
  1216 | D        | Killed a flying skull
  1216 | D        | Reached XP level 9. HP: 75/83 MP: 8/8
  1216 | D        | Killed a hornet
  1216 | D        | Reached skill level 13 in Armour
  1227 | D        | Killed a swamp drake
  1244 | D        | Noticed a centaur
  1244 | D        | Noticed a wolf
  1244 | D        | Noticed a wolf
  1244 | D        | Noticed a wolf
  1244 | D        | Noticed a wolf
  1244 | D        | Noticed a wolf
  1244 | D        | Noticed a giant leech
  1244 | D        | Noticed a hornet
  1248 | D        | Killed a wolf
  1254 | D        | Killed a hornet
  1254 | D        | Reached skill level 10 in Fighting
  1256 | D        | Killed a wolf
  1263 | D        | Killed a wolf
  1265 | D        | Killed a wolf
  1266 | D        | Killed a wolf
  1271 | D        | Killed a giant leech
  1277 | D        | Killed a centaur
  1277 | D        | Received a gift from Trog
  1428 | D        | Noticed a warg
  1433 | D        | Noticed a deep troll
  1433 | D        | Killed a warg
  1433 | D        | Reached skill level 14 in Armour
  1434 | D        | Noticed a brain worm
  1438 | D        | Noticed a troll
  1441 | D        | Killed a brain worm
  1441 | D        | Reached XP level 10. HP: 74/93 MP: 9/9
  1446 | D        | Killed a troll
  1451 | D        | Noticed an ogre
  1451 | D        | Killed a deep troll
  1453 | D        | Noticed an orc high priest
  1457 | D        | Killed an ogre
  1457 | D        | Received a gift from Trog
  1459 | D        | Noticed a rust devil
  1463 | D        | Killed an orc high priest
  1655 | D        | Noticed a demonic crawler
  1656 | D        | Noticed a shadow
  1657 | D        | Noticed a deep elf mage
  1663 | D        | Killed a demonic crawler
  1665 | D        | Killed a deep elf mage
  1665 | D        | Received a gift from Trog
  1672 | D        | Killed a shadow
  1672 | D        | Reached skill level 15 in Armour
  1672 | D        | Reached skill level 15 in Shields
  1685 | D        | Noticed a swamp dragon
  1686 | D        | Noticed a red devil
  1710 | D        | Killed a swamp dragon
  1710 | D        | Reached skill level 15 in Maces & Flails
  1718 | D        | Killed a red devil
  1733 | D        | Noticed a freezing wraith
  1761 | D        | Killed a freezing wraith
  1761 | D        | Reached skill level 10 in Dodging
  1889 | D        | Noticed a wasp
  1892 | D        | Noticed a wraith
  1893 | D        | Killed a wasp
  1900 | D        | Killed a wraith
  1915 | D        | Noticed a kobold demonologist
  1916 | D        | Noticed a cyan ugly thing
  1925 | D        | Killed a kobold demonologist
  1925 | D        | Received a gift from Trog
  1931 | D        | Killed a cyan ugly thing
  1936 | D        | Gained mutation: You are clumsy. (Dex -2) [mutagenic meat]
  1937 | D        | Gained mutation: Scrolls take you a little longer to read. [mutagenic meat]
  1938 | D        | Gained mutation: You have sharp toenails. [mutagenic meat]
  2043 | D        | Noticed a molten gargoyle
  2043 | D        | Noticed a swamp drake
  2043 | D        | Noticed a spriggan druid
  2049 | D        | Noticed Ijyb
  2049 | D        | Noticed a deep elf fighter
  2049 | D        | Noticed a phantasmal warrior
  2055 | D        | Killed a spriggan druid
  2055 | D        | Reached XP level 11. HP: 99/103 MP: 10/10
  2065 | D        | Killed a swamp drake
  2065 | D        | Received a gift from Trog
  2066 | D        | Noticed a hell rat
  2071 | D        | Killed Ijyb
  2084 | D        | Killed an unseen horror
  2084 | D        | Reached skill level 16 in Armour
  2087 | D        | Killed a phantasmal warrior
  2088 | D        | Killed a deep elf fighter
  2091 | D        | Killed a molten gargoyle
  2092 | D        | Killed a hell rat
  2093 | D        | Noticed a steam dragon
  2097 | D        | Killed a steam dragon
  2097 | D        | Received a gift from Trog
  2113 | D        | Noticed a soldier ant
  2117 | D        | Killed a soldier ant
  2254 | D        | Lost mutation: Scrolls take you a little longer to read. [potion of cure mutation]
  2254 | D        | Lost mutation: You have sharp toenails. [potion of cure mutation]
  2254 | D        | Lost mutation: You are clumsy. (Dex -2) [potion of cure mutation]
  2317 | D        | Noticed an iron imp
  2322 | D        | Killed an iron imp
  2339 | D        | Killed a shadow wraith
  2348 | D        | Noticed an efreet
  2348 | D        | Noticed a deep troll
  2355 | D        | Killed a deep troll
  2355 | D        | Received a gift from Trog
  2359 | D        | Killed an efreet
  2535 | D        | Noticed a komodo dragon
  2537 | D        | Noticed a sixfirhy
  2542 | D        | Killed a sixfirhy
  2547 | D        | Killed a komodo dragon
  2560 | D        | Noticed a tarantella
  2560 | D        | Noticed a redback
  2562 | D        | Noticed a redback
  2563 | D        | Noticed a redback
  2569 | D        | Killed a tarantella
  2578 | D        | Killed a redback
  2582 | D        | Killed a redback
  2582 | D        | Reached skill level 17 in Armour
  2584 | D        | Killed a redback
  2584 | D        | Received a gift from Trog
  2591 | D        | Noticed a jumping spider
  2592 | D        | Noticed a soldier ant
  2600 | D        | Killed a soldier ant
  2604 | D        | Killed a jumping spider
  2624 | D        | Noticed a flayed ghost
  2624 | D        | Noticed a vampire mage
  2624 | D        | Noticed a swamp drake
  2631 | D        | Killed a flayed ghost
  2651 | D        | Noticed a jiangshi
  2661 | D        | Killed a swamp drake
  2671 | D        | Killed a vampire mage
  2988 | D        | Noticed an ogre mage
  2988 | D        | Noticed an ogre
  2988 | D        | Noticed an ogre
  2988 | D        | Noticed an ogre
  2988 | D        | Noticed a deep elf priest
  2988 | D        | Noticed a merfolk
  2988 | D        | Noticed an alligator snapping turtle
  2988 | D        | Noticed a trapdoor spider
  2989 | D        | Noticed a merfolk
  2989 | D        | Killed an ogre
  2989 | D        | Received a gift from Trog
  2990 | D        | Killed an ogre
  2993 | D        | Noticed an alligator
  2994 | D        | Noticed an ogre
  2999 | D        | Killed an ogre mage
  3001 | D        | Noticed a death cob
  3001 | D        | Noticed a merfolk aquamancer
  3005 | D        | Noticed a deep elf mage
  3005 | D        | Killed a merfolk aquamancer
  3016 | D        | Noticed a two-headed ogre
  3019 | D        | Killed a death cob
  3019 | D        | Reached XP level 12. HP: 64/114 MP: 11/11
  3022 | D        | Noticed a merfolk
  3024 | D        | Killed an alligator snapping turtle
  3027 | D        | Killed an alligator
  3027 | D        | Received a gift from Trog
  3027 | D        | Reached skill level 18 in Armour
  3029 | D        | Killed a merfolk
  3032 | D        | Killed a trapdoor spider
  3035 | D        | Killed a merfolk
  3037 | D        | Noticed a dire elephant
  3039 | D        | Killed a dire elephant
  3041 | D        | Noticed a wolf spider
  3042 | D        | Killed a wolf spider
  3043 | D        | Noticed a spriggan druid
  3050 | D        | Killed a spriggan druid
  3050 | D        | Received a gift from Trog
  3053 | D        | Noticed a snapping turtle
  3054 | D        | Killed a deep elf mage
  3056 | D        | Killed a deep elf priest
  3057 | D        | Noticed a rakshasa
  3057 | D        | Noticed a water elemental
  3057 | D        | Killed a water elemental
  3058 | D        | Noticed a gargoyle
  3062 | D        | Killed a gargoyle
  3079 | D        | Killed a snapping turtle
  3088 | D        | Received a gift from Trog
  3093 | D        | Killed a two-headed ogre
  3094 | D        | Killed an ogre
  3096 | D        | Noticed a hellwing
  3097 | D        | Noticed a neqoxec
  3101 | D        | Noticed a wyvern
  3103 | D        | Killed a hellwing
  3107 | D        | Noticed a hellwing
  3108 | D        | Killed a rakshasa
  3111 | D        | Killed a rakshasa
  3115 | D        | Killed a wyvern
  3117 | D        | Killed an ogre
  3118 | D        | Killed a rakshasa
  3118 | D        | Received a gift from Trog
  3120 | D        | Killed a merfolk
  3122 | D        | Killed a neqoxec
  3132 | D        | Got a crystal morningstar {god gift}
  3135 | D        | Identified the +3 morningstar "Iseceac" {flame, rElec rC+ Str-5 Int+3} (Trog gifted it to you in the Dungeon)
  3148 | D        | Got the ring "Netiti" {-Tele +Fly rElec Str+6 Dex+2}
  3178 | D        | Identified Myitegemaos's Wizardry in Simple Steps
  3336 | D        | Noticed a wolf spider
  3336 | D        | Noticed a white ugly thing
  3336 | D        | Noticed a deep elf demonologist
  3336 | D        | Noticed a green draconian
  3336 | D        | Noticed a fire dragon
  3336 | D        | Noticed Rupert
  3340 | D        | Killed a wolf spider
  3346 | D        | Killed a white ugly thing
  3349 | D        | Noticed a Hell Sentinel
  3360 | D        | Killed from afar by a fire dragon

Vault maps used:
D:        pitsprint

Action                   |  1- 3 |  4- 6 |  7- 9 | 10-12 || total
-------------------------+-------+-------+-------+-------++-------
Melee: Flail             |     4 |       |       |       ||     4
       Mace              |     8 |    52 |    80 |       ||   140
       Whip              |       |       |    62 |   273 ||   335
       Morningstar       |       |       |       |    59 ||    59
       Eveningstar       |       |       |       |    13 ||    13
Invok: Trog's Hand       |       |     2 |     3 |     8 ||    13
       Berserk           |       |     1 |     1 |       ||     2
       Brothers in Arms  |       |       |       |     6 ||     6
       Burn Spellbooks   |       |       |       |     1 ||     1
  Use: Potion            |       |       |     1 |    13 ||    14
       Scroll            |       |       |       |     3 ||     3
  Eat: Chunk             |       |       |     5 |     3 ||     8
       Meat ration       |       |       |       |     2 ||     2
       Pizza             |       |       |       |     1 ||     1
